WASHINGTON vs COLUMBUS

Created - June 30, 2021 at 10:54

Goals
1 2 3 OT1 T
WASHINGTON 0 1 1 0 2
COLUMBUS 2 0 0 1 3
Shots
1 2 3 OT1 T
WASHINGTON 8 8 9 1 26
COLUMBUS 10 11 5 2 28

1st period

1. COLUMBUS , Steven Stamkos 1 (Paul Stastny 4, John Carlson 5) at 1:53
2. COLUMBUS , Claude Giroux 1 (Tom Wilson 3, Ben Chiarot 2) at 13:55

Penalties :
Jacob Trouba (CBJ) for Fighting (Major) at 0:23, Brayden Schenn (WSH) for Fighting (Major) at 0:23, Damon Severson (WSH) for Hooking (Minor) at 3:09

2nd period

3. WASHINGTON , Luke Glendening 1 (Sam Bennett 1, Matt Niskanen 3) at 10:01

Penalties :
Brayden Schenn (WSH) for Tripping (Minor) at 1:24, Mattias Ekholm (CBJ) for Hooking (Minor) at 5:32, Lars Eller (CBJ) for Hooking (Minor) at 10:03

3rd period

4. WASHINGTON , Cal Clutterbuck 2 (Damon Severson 5, Victor Hedman 4) at 10:13

Penalties :
No Penalty

Overtime #1

5. COLUMBUS , John Carlson 1 (Tom Wilson 4, Claude Giroux 3) at 2:03 (PP)

Penalties :
Radko Gudas (WSH) for Interference (Minor) at 1:43

Goalie Stats

Carter Hutton (WSH), 25 saves from 28 shots - (0.893), OTL, 2-0-1, 62:04 minutes
Mikko Koskinen (CBJ), 24 saves from 26 shots - (0.923), W, 4-3-0, 62:04 minutes

Players Stats for WASHINGTON

Player Name              G  A  P  +/- PIM S  H  SB GA TA FO     MP     PP MP  PK MP  
------------------------------------------------------------------------------------
Blake Wheeler            0  0  0   0  0   6  2  0  0  0  0/2    20:57   2:20   2:20 
Brayden Schenn           0  0  0   0  7   1  3  0  0  0  10/17  18:23   2:20   0:00 
Brendan Gallagher        0  0  0  -2  0   1  1  0  0  0  2/3    17:53   1:35   0:00 
Cal Clutterbuck          1  0  1   2  0   2  0  0  0  0  0/0     4:31   0:00   0:00 
Casey Cizikas            0  0  0   0  0   0  0  0  0  0  0/1    18:43   0:03   1:58 
Clayton Keller           0  0  0  -2  0   2  0  1  0  0  0/0    17:53   1:35   0:00 
Damon Severson           0  1  1   1  2   0  4  2  0  0  0/0    23:09   2:16   1:29 
Dylan DeMelo             0  0  0  -1  0   0  1  2  0  0  0/0    11:48   0:03   0:11 
Justin Williams          0  0  0   0  0   0  0  0  0  0  1/1    16:20   0:03   0:00 
Luke Glendening          1  0  1   2  0   2  1  0  0  0  6/12    6:40   0:00   2:09 
Matt Niskanen            0  1  1   0  0   2  1  1  0  0  0/0    23:37   1:39   2:04 
Radko Gudas              0  0  0  -1  2   0  0  0  0  0  0/0    14:28   0:00   0:00 
Ryan Getzlaf             0  0  0  -2  0   1  3  1  0  0  11/20  17:56   1:38   0:00 
Ryan Graves              0  0  0   0  0   2  2  0  0  0  0/0    22:17   0:03   2:20 
Ryan O'Reilly            0  0  0   0  0   1  0  0  0  0  17/29  21:12   2:20   1:58 
Sam Bennett              0  1  1   2  0   1  0  0  0  0  0/0     4:42   0:00   0:11 
Victor Hedman            0  1  1   1  0   2  1  0  0  0  0/0    27:08   2:16   2:32 
Zach Parise              0  0  0   0  0   3  0  0  0  0  0/1    18:21   1:39   0:00 

Players Stats for COLUMBUS

Player Name              G  A  P  +/- PIM S  H  SB GA TA FO     MP     PP MP  PK MP  
------------------------------------------------------------------------------------
Aleksander Barkov        0  0  0   1  0   4  2  0  0  0  12/25  19:19   2:13   0:49 
Anthony Beauvillier      0  0  0   0  0   1  0  0  0  0  0/1    14:39   0:00   0:00 
Ben Chiarot              0  1  1   1  0   0  4  2  0  0  0/0    22:20   2:13   2:19 
Claude Giroux            1  1  2  -1  0   1  0  0  0  0  9/20   18:02   2:05   0:00 
Derek Grant              0  0  0   0  0   0  0  0  0  0  3/8     7:32   0:00   0:37 
Erik Cernak              0  0  0   0  0   0  2  2  0  0  0/0    17:32   0:46   0:11 
Jack Roslovic            0  0  0   0  0   0  0  0  0  0  0/0     6:55   0:00   0:00 
Jacob Trouba             0  0  0  -1  5   1  3  0  0  0  0/0    19:38   0:52   1:57 
John Carlson             1  1  2   0  0   3  2  4  0  0  0/0    25:06   2:05   2:15 
Jon Merrill              0  0  0  -1  0   0  0  1  0  0  0/0    14:02   0:00   0:00 
Jonathan Drouin          0  0  0   0  0   2  2  1  0  0  0/1    14:39   0:00   0:00 
Kaapo Kakko              0  0  0   0  0   2  0  0  0  0  0/0     6:55   0:00   0:00 
Lars Eller               0  0  0   0  2   4  2  0  0  0  13/23  18:13   2:13   1:22 
Mattias Ekholm           0  0  0   1  2   2  1  2  0  0  0/0    25:28   2:40   1:14 
Paul Stastny             0  1  1   1  0   1  3  0  0  0  2/4    18:18   0:00   2:01 
Sean Kuraly              0  0  0   0  0   0  0  0  0  0  0/0     0:49   0:00   0:49 
Steven Stamkos           1  0  1   1  0   4  1  1  0  0  0/2    18:30   2:13   0:00 
T.J. Oshie               0  0  0  -1  0   1  0  0  0  0  0/1    18:37   2:05   0:35 
Tom Wilson               0  2  2  -1  0   2  3  1  0  0  0/1    19:45   2:05   1:43 

3 Stars

1 - John Carlson (CBJ)
2 - Steven Stamkos (CBJ)
3 - Luke Glendening (WSH)

Power Play

WASHINGTON - 0 on 2 Attempt(s) - 0.00%
COLUMBUS - 1 on 3 Attempt(s) - 33.33%

Penalty Kill

WASHINGTON - 2 on 3 Attempt(s) - 66.67% - Score 0 goal in Penalty Kill
COLUMBUS - 2 on 2 Attempt(s) - 100.00% - Score 0 goal in Penalty Kill

Team Stat

WASHINGTON - Hits : 19 - Faceoff Wins : 47 - Blocked Shots : 7 - Penalty Minutes : 11
COLUMBUS - Hits : 25 - Faceoff Wins : 39 - Blocked Shots : 14 - Penalty Minutes : 9

Official

Referees : Chris Boddy and Brad Caille
Linesman : Jim Harper and Nick Kaddie

Game Notes

Jacob Trouba and Brayden Schenn fight to a draw at 0:23 of 1st period

Finance

Level 1 -- Attendance: 6000 (100.00%) -- Ticket Income $540,000
Level 2 -- Attendance: 5000 (100.00%) -- Ticket Income $250,000
Level 3 -- Attendance: 2000 (100.00%) -- Ticket Income $60,000
Level 4 -- Attendance: 4000 (100.00%) -- Ticket Income $60,000
Luxury Box -- Attendance: 1000 (100.00%) -- Ticket Income $180,000
Game was played at the Nationwide Arena.
Total Attendance: 18000 (100.00%)
Total Ticket Income: $1,090,000
Total Income: $1,090,000

WASHINGTON

5 vs 5 Forward 
   Center                   Left Wing                Right Wing               Time % Phy DF OF 
 1 Brayden Schenn           Blake Wheeler            Justin Williams          33     1   3  1  
 2 Ryan O'Reilly            Casey Cizikas            Zach Parise              33     1   2  2  
 3 Ryan Getzlaf             Clayton Keller           Brendan Gallagher        33     0   2  3  
 4 Luke Glendening          Sam Bennett              Cal Clutterbuck          1      2   3  0  

5 vs 5 Defense 
   Defense                  Defense                                           Time % Phy DF OF 
 1 Matt Niskanen            Ryan Graves                                       40     0   4  1  
 2 Victor Hedman            Damon Severson                                    40     0   3  2  
 3 Dylan DeMelo             Radko Gudas                                       10     0   4  1  
 4 Victor Hedman            Radko Gudas                                       10     0   4  1  

PowerPlay Forward 
   Center                   Left Wing                Right Wing               Time % Phy DF OF 
 1 Ryan O'Reilly            Brayden Schenn           Blake Wheeler            65     0   1  4  
 2 Ryan Getzlaf             Clayton Keller           Brendan Gallagher        35     0   1  4  

PowerPlay Defense
   Defense                  Defense                                           Time % Phy DF OF 
 1 Victor Hedman            Damon Severson                                    65     0   1  4  
 2 Matt Niskanen            Zach Parise                                       35     0   1  4  

Penalty Kill 4 Players Forward 
   Center                   Wing                     Time % Phy DF OF 
 1 Ryan O'Reilly            Casey Cizikas            50     1   3  1  
 2 Luke Glendening          Blake Wheeler            50     1   3  1  

Penalty Kill 4 Players Defense
   Defense                  Defense                  Time % Phy DF OF 
 1 Matt Niskanen            Ryan Graves              50     1   3  1  
 2 Victor Hedman            Damon Severson           50     1   3  1  

Penalty Kill - 3 Players Forward 
   Forward                                           Time % Phy DF OF 
 1 Ryan O'Reilly                                     65     0   5  0  
 2 Luke Glendening                                   35     0   5  0  

Penalty Kill - 3 Players Defense
   Defense                  Defense                  Time % Phy DF OF 
 1 Matt Niskanen            Ryan Graves              50     0   5  0  
 2 Victor Hedman            Damon Severson           50     0   5  0  

4 vs 4 Forward 
   Center                   Wing                     Time % Phy DF OF 
 1 Ryan O'Reilly            Blake Wheeler            65     0   2  3  
 2 Ryan Getzlaf             Brayden Schenn           35     0   2  3  

4 vs 4 Defense
   Defense                  Defense                  Time % Phy DF OF 
 1 Victor Hedman            Damon Severson           65     0   2  3  
 2 Matt Niskanen            Ryan Graves              35     0   3  2  

Last Minutes Offensive
   Center                   Left Wing                Right Wing               Defense                  Defense                  
   Ryan O'Reilly            Ryan Getzlaf             Blake Wheeler            Victor Hedman            Damon Severson           

Last Minutes Defensive
   Center                   Left Wing                Right Wing               Defense                  Defense                  
   Ryan O'Reilly            Ryan Getzlaf             Blake Wheeler            Victor Hedman            Matt Niskanen            

Goaltenders
Starting : Carter Hutton            
Backup : Carter Hart              

Extra Forwards
Normal : Blake Wheeler, Ryan O'Reilly, Ryan Getzlaf - PP : Casey Cizikas, Justin Williams - PK : Cal Clutterbuck
Extra Defensemen
Normal : Victor Hedman, Matt Niskanen, Damon Severson - PP : Victor Hedman - PK : Victor Hedman, Matt Niskanen
Penalty Shots
Justin Williams, Zach Parise, Ryan Getzlaf, Blake Wheeler, Ryan O'Reilly

Scratches
WSH Cap Hit (Suspend), Victor Mete (Healthy), Martin Frk (Healthy)

COLUMBUS

5 vs 5 Forward 
   Center                   Left Wing                Right Wing               Time % Phy DF OF 
 1 Aleksander Barkov        Paul Stastny             Steven Stamkos           33     0   2  3  
 2 Claude Giroux            T.J. Oshie               Tom Wilson               33     1   2  2  
 3 Lars Eller               Jonathan Drouin          Anthony Beauvillier      30     0   2  3  
 4 Derek Grant              Kaapo Kakko              Jack Roslovic            4      1   2  2  

5 vs 5 Defense 
   Defense                  Defense                                           Time % Phy DF OF 
 1 John Carlson             Jacob Trouba                                      35     1   2  2  
 2 Mattias Ekholm           Ben Chiarot                                       35     1   2  2  
 3 Erik Cernak              Jon Merrill                                       20     1   2  2  
 4 John Carlson             Mattias Ekholm                                    10     1   2  2  

PowerPlay Forward 
   Center                   Left Wing                Right Wing               Time % Phy DF OF 
 1 Aleksander Barkov        Lars Eller               Steven Stamkos           60     0   1  4  
 2 Claude Giroux            T.J. Oshie               Tom Wilson               40     1   1  3  

PowerPlay Defense
   Defense                  Defense                                           Time % Phy DF OF 
 1 John Carlson             Mattias Ekholm                                    60     1   2  2  
 2 Jacob Trouba             Ben Chiarot                                       40     1   2  2  

Penalty Kill 4 Players Forward 
   Center                   Wing                     Time % Phy DF OF 
 1 Lars Eller               Tom Wilson               60     1   3  1  
 2 Paul Stastny             Derek Grant              40     1   3  1  

Penalty Kill 4 Players Defense
   Defense                  Defense                  Time % Phy DF OF 
 1 Mattias Ekholm           John Carlson             60     1   4  0  
 2 Ben Chiarot              Jacob Trouba             40     1   4  0  

Penalty Kill - 3 Players Forward 
   Forward                                           Time % Phy DF OF 
 1 Derek Grant                                       60     1   4  0  
 2 Lars Eller                                        40     1   4  0  

Penalty Kill - 3 Players Defense
   Defense                  Defense                  Time % Phy DF OF 
 1 Mattias Ekholm           John Carlson             60     1   4  0  
 2 Jon Merrill              Erik Cernak              40     1   4  0  

4 vs 4 Forward 
   Center                   Wing                     Time % Phy DF OF 
 1 Aleksander Barkov        Steven Stamkos           60     1   2  2  
 2 Claude Giroux            T.J. Oshie               40     1   2  2  

4 vs 4 Defense
   Defense                  Defense                  Time % Phy DF OF 
 1 John Carlson             Mattias Ekholm           60     1   2  2  
 2 Erik Cernak              Jon Merrill              40     1   2  2  

Last Minutes Offensive
   Center                   Left Wing                Right Wing               Defense                  Defense                  
   Aleksander Barkov        Claude Giroux            Steven Stamkos           John Carlson             Mattias Ekholm           

Last Minutes Defensive
   Center                   Left Wing                Right Wing               Defense                  Defense                  
   Aleksander Barkov        Claude Giroux            Steven Stamkos           John Carlson             Mattias Ekholm           

Goaltenders
Starting : Mikko Koskinen           
Backup : David Rittich            

Extra Forwards
Normal : Paul Stastny, Steven Stamkos, Claude Giroux - PP : Paul Stastny, Steven Stamkos - PK : Paul Stastny
Extra Defensemen
Normal : Mattias Ekholm, John Carlson, Jacob Trouba - PP : Mattias Ekholm - PK : Ben Chiarot, John Carlson
Penalty Shots
Aleksander Barkov, Steven Stamkos, Claude Giroux, Lars Eller, Tom Wilson

Scratches
Carl Gunnarsson (Healthy), CBJ Cap Hit (Suspend)

% Time on Ice - WASHINGTON

Lines # - Real PCT - Wanted PCT - Time Play
Normal Forward
1 - 30% - 33% - 16:17
2 - 31% - 33% - 16:42
3 - 30% - 33% - 16:18
4 - 8% - 1% - 4:31
Normal Defense
1 - 37% - 40% - 19:54
2 - 36% - 40% - 19:25
3 - 21% - 10% - 11:34
4 - 5% - 10% - 2:55
PP Forward
1 - 59% - 65% - 2:20
2 - 41% - 35% - 1:38
PP Defense
1 - 58% - 65% - 2:19
2 - 42% - 35% - 1:39
PK Forward
1 - 46% - 50% - 1:58
2 - 54% - 50% - 2:20
PK Defense
1 - 37% - 50% - 1:35
2 - 63% - 50% - 2:43
PK3 Forward
1 - 0% - 65%
2 - 0% - 35%
PK3 Defense
1 - 0% - 50%
2 - 0% - 50%
44 Forward
1 - 0% - 65%
2 - 0% - 35%
44 Defense
1 - 0% - 65%
2 - 0% - 35%
Last Minute Offensive  - 0:00
Last Minute Defensive  - 0:00
Total
Forward - 62:04
Defense - 62:04

% Time on Ice - COLUMBUS

Lines # - Real PCT - Wanted PCT - Time Play
Normal Forward
1 - 30% - 33% - 16:17
2 - 30% - 33% - 15:57
3 - 27% - 30% - 14:39
4 - 13% - 4% - 6:55
Normal Defense
1 - 35% - 35% - 18:50
2 - 32% - 35% - 17:02
3 - 25% - 20% - 13:23
4 - 8% - 10% - 4:33
PP Forward
1 - 52% - 60% - 2:13
2 - 48% - 40% - 2:05
PP Defense
1 - 48% - 60% - 2:05
2 - 52% - 40% - 2:13
PK Forward
1 - 84% - 60% - 3:21
2 - 16% - 40% - 0:37
PK Defense
1 - 71% - 60% - 2:49
2 - 29% - 40% - 1:09
PK3 Forward
1 - 0% - 60%
2 - 0% - 40%
PK3 Defense
1 - 0% - 60%
2 - 0% - 40%
44 Forward
1 - 0% - 60%
2 - 0% - 40%
44 Defense
1 - 0% - 60%
2 - 0% - 40%
Last Minute Offensive  - 0:00
Last Minute Defensive  - 0:00
Total
Forward - 62:04
Defense - 62:04

Play-by-Play

1st period


0:01 of 1st period - Justin Williams wins face-off versus Aleksander Barkov in neutral zone.
0:13 of 1st period - Jacob Trouba is hit by Blake Wheeler and loses puck.
0:17 of 1st period - Paul Stastny is hit by Ryan Graves and loses puck.
0:23 of 1st period - Jacob Trouba and Brayden Schenn fight to a draw.
0:23 of 1st period - Penalty to Jacob Trouba for Fighting.
0:23 of 1st period - Penalty to Brayden Schenn for Fighting.
0:24 of 1st period - Claude Giroux wins face-off versus Ryan O'Reilly in WASHINGTON zone.
1:05 of 1st period - Shot by Zach Parise.
1:05 of 1st period - Shot Misses the Net.
1:25 of 1st period - Brendan Gallagher is hit by Lars Eller and loses puck.
1:29 of 1st period - Icing by Dylan DeMelo.
1:30 of 1st period - Ryan Getzlaf wins face-off versus Aleksander Barkov in WASHINGTON zone.
1:53 of 1st period - Shot by Steven Stamkos.
1:53 of 1st period - Goal by Steven Stamkos - WASHINGTON : 0 - COLUMBUS : 1.
1:54 of 1st period - Lars Eller wins face-off versus Ryan O'Reilly in neutral zone.
2:05 of 1st period - Shot by Anthony Beauvillier.
2:05 of 1st period - Deflect By Jonathan Drouin.
2:05 of 1st period - Stopped by Carter Hutton without a rebound.
2:06 of 1st period - Luke Glendening wins face-off versus Derek Grant in WASHINGTON zone.
2:30 of 1st period - Shot by Luke Glendening.
2:30 of 1st period - Shot Misses the Net.
2:57 of 1st period - Icing by Damon Severson.
2:58 of 1st period - Lars Eller wins face-off versus Luke Glendening in WASHINGTON zone.
3:02 of 1st period - Anthony Beauvillier is hit by Victor Hedman.
3:09 of 1st period - Minor Penalty to Damon Severson for Hooking.
3:10 of 1st period - Aleksander Barkov wins face-off versus Ryan O'Reilly in WASHINGTON zone.
3:40 of 1st period - Shot by Aleksander Barkov.
3:40 of 1st period - Stopped by Carter Hutton without a rebound.
3:41 of 1st period - Claude Giroux wins face-off versus Luke Glendening in WASHINGTON zone.
4:01 of 1st period - Shot by Mattias Ekholm.
4:01 of 1st period - Shot Misses the Net.
4:03 of 1st period - Shot by John Carlson.
4:03 of 1st period - Stopped by Carter Hutton without a rebound.
4:04 of 1st period - Ryan O'Reilly wins face-off versus Aleksander Barkov in WASHINGTON zone.
4:16 of 1st period - Icing by Lars Eller.
4:17 of 1st period - Aleksander Barkov wins face-off versus Luke Glendening in COLUMBUS zone.
5:09 of 1st period - Shot by Claude Giroux.
5:09 of 1st period - Shot Blocked by Ryan Getzlaf.
5:17 of 1st period - Shot by Ryan Getzlaf.
5:17 of 1st period - Shot Misses the Net.
6:30 of 1st period - John Carlson is hit by Brayden Schenn and loses puck.
6:44 of 1st period - Off-side.
6:45 of 1st period - Paul Stastny wins face-off versus Casey Cizikas in neutral zone.
8:10 of 1st period - Icing by Radko Gudas.
8:11 of 1st period - Brendan Gallagher wins face-off versus Claude Giroux in WASHINGTON zone.
8:11 of 1st period - Brendan Gallagher is hit by Tom Wilson.
8:18 of 1st period - Icing by Ryan Getzlaf.
8:19 of 1st period - Claude Giroux wins face-off versus Ryan Getzlaf in WASHINGTON zone.
8:26 of 1st period - Mattias Ekholm is hit by Ryan Getzlaf and loses puck.
9:24 of 1st period - Icing by Ben Chiarot.
9:25 of 1st period - Ryan O'Reilly wins face-off versus Claude Giroux in COLUMBUS zone.
9:25 of 1st period - Zach Parise is hit by Mattias Ekholm and loses puck.
9:36 of 1st period - Shot by Ryan O'Reilly.
9:36 of 1st period - Shot Misses the Net.
9:51 of 1st period - Zach Parise is hit by Ben Chiarot and loses puck.
10:23 of 1st period - Icing by Victor Hedman.
10:24 of 1st period - Aleksander Barkov wins face-off versus Ryan Getzlaf in WASHINGTON zone.
10:35 of 1st period - Shot by Aleksander Barkov.
10:35 of 1st period - Stopped by Carter Hutton without a rebound.
10:36 of 1st period - Lars Eller wins face-off versus Brayden Schenn in WASHINGTON zone.
10:48 of 1st period - Off-side.
10:49 of 1st period - Aleksander Barkov wins face-off versus Ryan Getzlaf in neutral zone.
11:15 of 1st period - Shot by Ryan Getzlaf.
11:15 of 1st period - Stopped by Mikko Koskinen with a rebound.
12:28 of 1st period - Shot by Ryan O'Reilly.
12:28 of 1st period - Shot Blocked by Jon Merrill.
12:40 of 1st period - Shot by Zach Parise.
12:40 of 1st period - Shot Misses the Net.
12:46 of 1st period - Shot by Casey Cizikas.
12:46 of 1st period - Deflect By Zach Parise.
12:46 of 1st period - Stopped by Mikko Koskinen without a rebound.
12:47 of 1st period - Luke Glendening wins face-off versus Lars Eller in COLUMBUS zone.
12:52 of 1st period - Shot by Cal Clutterbuck.
12:52 of 1st period - Deflect By Sam Bennett.
12:52 of 1st period - Stopped by Mikko Koskinen without a rebound.
12:53 of 1st period - Ryan Getzlaf wins face-off versus Lars Eller in COLUMBUS zone.
12:56 of 1st period - Shot by Matt Niskanen.
12:56 of 1st period - Shot Misses the Net.
13:34 of 1st period - Shot by Lars Eller.
13:34 of 1st period - Shot Misses the Net.
13:53 of 1st period - Shot by Tom Wilson.
13:53 of 1st period - Shot Misses the Net.
13:55 of 1st period - Shot by Claude Giroux.
13:55 of 1st period - Goal by Claude Giroux - WASHINGTON : 0 - COLUMBUS : 2.
13:56 of 1st period - Derek Grant wins face-off versus Zach Parise in neutral zone.
14:04 of 1st period - Off-side.
14:05 of 1st period - Claude Giroux wins face-off versus Blake Wheeler in neutral zone.
14:05 of 1st period - T.J. Oshie is hit by Brayden Schenn and loses puck.
14:15 of 1st period - Brayden Schenn is hit by Ben Chiarot and loses puck.
14:20 of 1st period - Shot by Blake Wheeler.
14:20 of 1st period - Stopped by Mikko Koskinen with a rebound.
14:24 of 1st period - Shot by Blake Wheeler.
14:24 of 1st period - Stopped by Mikko Koskinen without a rebound.
14:25 of 1st period - Lars Eller wins face-off versus Ryan O'Reilly in COLUMBUS zone.
14:37 of 1st period - Anthony Beauvillier is hit by Dylan DeMelo and loses puck.
14:40 of 1st period - Shot by Jacob Trouba.
14:40 of 1st period - Stopped by Carter Hutton without a rebound.
14:41 of 1st period - Brayden Schenn wins face-off versus Claude Giroux in WASHINGTON zone.
14:54 of 1st period - Shot by Blake Wheeler.
14:54 of 1st period - Stopped by Mikko Koskinen with a rebound.
14:56 of 1st period - Shot by Justin Williams.
14:56 of 1st period - Deflect By Blake Wheeler.
14:56 of 1st period - Shot Blocked by Mattias Ekholm.
14:58 of 1st period - Shot by Victor Hedman.
14:58 of 1st period - Deflect By Justin Williams.
14:58 of 1st period - Shot Blocked by Ben Chiarot.
15:40 of 1st period - Shot by Zach Parise.
15:40 of 1st period - Shot Blocked by Mattias Ekholm.
15:51 of 1st period - Shot by Ryan O'Reilly.
15:51 of 1st period - Stopped by Mikko Koskinen without a rebound.
15:52 of 1st period - Lars Eller wins face-off versus Ryan Getzlaf in COLUMBUS zone.
15:52 of 1st period - Lars Eller is hit by Brendan Gallagher.
16:30 of 1st period - Shot by Anthony Beauvillier.
16:30 of 1st period - Stopped by Carter Hutton without a rebound.
16:31 of 1st period - Ryan O'Reilly wins face-off versus Aleksander Barkov in WASHINGTON zone.
17:08 of 1st period - Shot by Ryan O'Reilly.
17:08 of 1st period - Shot Blocked by Erik Cernak.
17:10 of 1st period - Shot by Zach Parise.
17:10 of 1st period - Stopped by Mikko Koskinen without a rebound.
17:11 of 1st period - Derek Grant wins face-off versus Brayden Schenn in COLUMBUS zone.
18:16 of 1st period - Shot by Jonathan Drouin.
18:16 of 1st period - Shot Misses the Net.
18:18 of 1st period - Shot by Lars Eller.
18:18 of 1st period - Stopped by Carter Hutton with a rebound.
18:22 of 1st period - Shot by Mattias Ekholm.
18:22 of 1st period - Shot Misses the Net.
18:24 of 1st period - Shot by Lars Eller.
18:24 of 1st period - Shot Blocked by Damon Severson.
18:26 of 1st period - Shot by Mattias Ekholm.
18:26 of 1st period - Stopped by Carter Hutton without a rebound.
18:27 of 1st period - Ryan O'Reilly wins face-off versus Aleksander Barkov in WASHINGTON zone.
18:47 of 1st period - Shot by Steven Stamkos.
18:47 of 1st period - Shot Misses the Net.
18:57 of 1st period - Shot by Aleksander Barkov.
18:57 of 1st period - Deflect By Steven Stamkos.
18:57 of 1st period - Shot Misses the Net.
19:47 of 1st period - Shot by Clayton Keller.
19:47 of 1st period - Shot Blocked by Tom Wilson.
Goals for this period are 0 for WASHINGTON vs 2 for COLUMBUS.
Shots for this period are 8 for WASHINGTON vs 10 for COLUMBUS.

2nd period


0:01 of 2nd period - Ryan O'Reilly wins face-off versus Lars Eller in neutral zone.
0:13 of 2nd period - Casey Cizikas is hit by Jacob Trouba and loses puck.
0:39 of 2nd period - Icing by Zach Parise.
0:40 of 2nd period - Ryan O'Reilly wins face-off versus Aleksander Barkov in WASHINGTON zone.
1:00 of 2nd period - Icing by Mattias Ekholm.
1:01 of 2nd period - Aleksander Barkov wins face-off versus Blake Wheeler in COLUMBUS zone.
1:01 of 2nd period - Aleksander Barkov is hit by Brayden Schenn.
1:11 of 2nd period - Shot by Steven Stamkos.
1:11 of 2nd period - Stopped by Carter Hutton with a rebound.
1:20 of 2nd period - Icing by Blake Wheeler.
1:21 of 2nd period - Brayden Schenn wins face-off versus Lars Eller in WASHINGTON zone.
1:21 of 2nd period - Brayden Schenn is hit by Lars Eller.
1:24 of 2nd period - Minor Penalty to Brayden Schenn for Tripping.
1:25 of 2nd period - Luke Glendening wins face-off versus Claude Giroux in WASHINGTON zone.
1:52 of 2nd period - Shot by Claude Giroux.
1:52 of 2nd period - Deflect By T.J. Oshie.
1:52 of 2nd period - Stopped by Carter Hutton without a rebound.
1:53 of 2nd period - Aleksander Barkov wins face-off versus Ryan O'Reilly in WASHINGTON zone.
1:58 of 2nd period - Shot by Aleksander Barkov.
1:58 of 2nd period - Stopped by Carter Hutton without a rebound.
1:59 of 2nd period - Aleksander Barkov wins face-off versus Ryan O'Reilly in WASHINGTON zone.
2:39 of 2nd period - Steven Stamkos is hit by Damon Severson and loses puck.
3:23 of 2nd period - Shot by Tom Wilson.
3:23 of 2nd period - Stopped by Carter Hutton without a rebound.
3:24 of 2nd period - Derek Grant wins face-off versus Ryan Getzlaf in WASHINGTON zone.
4:37 of 2nd period - Shot by Ryan O'Reilly.
4:37 of 2nd period - Deflect By Zach Parise.
4:37 of 2nd period - Shot Blocked by John Carlson.
5:01 of 2nd period - Shot by Brayden Schenn.
5:01 of 2nd period - Shot Misses the Net.
5:03 of 2nd period - Shot by Victor Hedman.
5:03 of 2nd period - Stopped by Mikko Koskinen without a rebound.
5:04 of 2nd period - Luke Glendening wins face-off versus Claude Giroux in COLUMBUS zone.
5:31 of 2nd period - Shot by Luke Glendening.
5:31 of 2nd period - Shot Blocked by Ben Chiarot.
5:32 of 2nd period - Minor Penalty to Mattias Ekholm for Hooking.
5:33 of 2nd period - Brayden Schenn wins face-off versus Lars Eller in COLUMBUS zone.
5:36 of 2nd period - Shot by Blake Wheeler.
5:36 of 2nd period - Stopped by Mikko Koskinen without a rebound.
5:37 of 2nd period - Lars Eller wins face-off versus Ryan O'Reilly in COLUMBUS zone.
5:53 of 2nd period - Shot by Victor Hedman.
5:53 of 2nd period - Shot Misses the Net.
5:55 of 2nd period - Shot by Brayden Schenn.
5:55 of 2nd period - Shot Blocked by John Carlson.
6:07 of 2nd period - Paul Stastny is hit by Blake Wheeler and loses puck.
6:24 of 2nd period - Shot by Clayton Keller.
6:24 of 2nd period - Stopped by Mikko Koskinen without a rebound.
6:25 of 2nd period - Lars Eller wins face-off versus Ryan Getzlaf in COLUMBUS zone.
6:29 of 2nd period - Off-side.
6:30 of 2nd period - Lars Eller wins face-off versus Ryan Getzlaf in neutral zone.
6:44 of 2nd period - Off-side.
6:45 of 2nd period - Lars Eller wins face-off versus Ryan O'Reilly in neutral zone.
6:51 of 2nd period - Icing by Victor Hedman.
6:52 of 2nd period - Ryan O'Reilly wins face-off versus Lars Eller in WASHINGTON zone.
7:34 of 2nd period - Icing by Ryan O'Reilly.
7:35 of 2nd period - Ryan Getzlaf wins face-off versus Steven Stamkos in WASHINGTON zone.
8:31 of 2nd period - Shot by Kaapo Kakko.
8:31 of 2nd period - Stopped by Carter Hutton without a rebound.
8:32 of 2nd period - Claude Giroux wins face-off versus Brayden Schenn in WASHINGTON zone.
8:41 of 2nd period - Shot by Claude Giroux.
8:41 of 2nd period - Shot Hit the Post.
9:07 of 2nd period - Shot by Blake Wheeler.
9:07 of 2nd period - Shot Misses the Net.
9:12 of 2nd period - Icing by Tom Wilson.
9:13 of 2nd period - Ryan O'Reilly wins face-off versus T.J. Oshie in COLUMBUS zone.
9:28 of 2nd period - Shot by Zach Parise.
9:28 of 2nd period - Shot Misses the Net.
9:59 of 2nd period - Shot by Sam Bennett.
9:59 of 2nd period - Shot Blocked by John Carlson.
10:01 of 2nd period - Shot by Luke Glendening.
10:01 of 2nd period - Goal by Luke Glendening - WASHINGTON : 1 - COLUMBUS : 2.
10:02 of 2nd period - Ryan Getzlaf wins face-off versus Anthony Beauvillier in neutral zone.
10:02 of 2nd period - Ryan Getzlaf is hit by Jonathan Drouin.
10:03 of 2nd period - Minor Penalty to Lars Eller for Hooking.
10:04 of 2nd period - Paul Stastny wins face-off versus Ryan Getzlaf in COLUMBUS zone.
10:12 of 2nd period - Icing by Brendan Gallagher.
10:13 of 2nd period - Ryan Getzlaf wins face-off versus Paul Stastny in WASHINGTON zone.
10:13 of 2nd period - Ryan Getzlaf is hit by Paul Stastny.
12:21 of 2nd period - Shot by Jonathan Drouin.
12:21 of 2nd period - Stopped by Carter Hutton without a rebound.
12:22 of 2nd period - Luke Glendening wins face-off versus Derek Grant in WASHINGTON zone.
13:10 of 2nd period - Luke Glendening is hit by Jonathan Drouin and loses puck.
13:55 of 2nd period - Shot by Clayton Keller.
13:55 of 2nd period - Shot Misses the Net.
13:57 of 2nd period - Shot by Clayton Keller.
13:57 of 2nd period - Stopped by Mikko Koskinen without a rebound.
13:58 of 2nd period - Aleksander Barkov wins face-off versus Brayden Schenn in COLUMBUS zone.
14:12 of 2nd period - Shot by Aleksander Barkov.
14:12 of 2nd period - Stopped by Carter Hutton without a rebound.
14:13 of 2nd period - Claude Giroux wins face-off versus Ryan O'Reilly in WASHINGTON zone.
14:41 of 2nd period - Shot by Casey Cizikas.
14:41 of 2nd period - Shot Blocked by Erik Cernak.
14:43 of 2nd period - Shot by Victor Hedman.
14:43 of 2nd period - Stopped by Mikko Koskinen without a rebound.
14:44 of 2nd period - Brayden Schenn wins face-off versus Paul Stastny in COLUMBUS zone.
14:47 of 2nd period - Shot by Blake Wheeler.
14:47 of 2nd period - Shot Misses the Net.
15:01 of 2nd period - Shot by Blake Wheeler.
15:01 of 2nd period - Stopped by Mikko Koskinen without a rebound.
15:02 of 2nd period - Lars Eller wins face-off versus Brendan Gallagher in COLUMBUS zone.
15:02 of 2nd period - Lars Eller is hit by Ryan Getzlaf.
15:37 of 2nd period - Shot by Clayton Keller.
15:37 of 2nd period - Shot Misses the Net.
15:39 of 2nd period - Shot by Ryan Graves.
15:39 of 2nd period - Stopped by Mikko Koskinen without a rebound.
15:40 of 2nd period - Aleksander Barkov wins face-off versus Brayden Schenn in COLUMBUS zone.
16:23 of 2nd period - Shot by Steven Stamkos.
16:23 of 2nd period - Stopped by Carter Hutton without a rebound.
16:24 of 2nd period - Claude Giroux wins face-off versus Ryan O'Reilly in WASHINGTON zone.
16:28 of 2nd period - Icing by Ryan Graves.
16:29 of 2nd period - Ryan O'Reilly wins face-off versus Claude Giroux in WASHINGTON zone.
16:35 of 2nd period - Claude Giroux is hit by Ryan Graves.
16:43 of 2nd period - Shot by Claude Giroux.
16:43 of 2nd period - Shot Blocked by Matt Niskanen.
16:49 of 2nd period - Shot by Claude Giroux.
16:49 of 2nd period - Deflect By Tom Wilson.
16:49 of 2nd period - Stopped by Carter Hutton without a rebound.
16:50 of 2nd period - Ryan Getzlaf wins face-off versus Lars Eller in WASHINGTON zone.
17:23 of 2nd period - Shot by Lars Eller.
17:23 of 2nd period - Stopped by Carter Hutton without a rebound.
17:24 of 2nd period - Brayden Schenn wins face-off versus Aleksander Barkov in WASHINGTON zone.
17:51 of 2nd period - Shot by Steven Stamkos.
17:51 of 2nd period - Shot Misses the Net.
18:07 of 2nd period - Shot by Paul Stastny.
18:07 of 2nd period - Stopped by Carter Hutton without a rebound.
18:08 of 2nd period - Ryan O'Reilly wins face-off versus Claude Giroux in WASHINGTON zone.
18:08 of 2nd period - Ryan O'Reilly is hit by Tom Wilson.
19:52 of 2nd period - Shot by Aleksander Barkov.
19:52 of 2nd period - Shot Blocked by Clayton Keller.
Goals for this period are 1 for WASHINGTON vs 0 for COLUMBUS.
Shots for this period are 8 for WASHINGTON vs 11 for COLUMBUS.

3rd period


0:01 of 3rd period - Brayden Schenn wins face-off versus Aleksander Barkov in neutral zone.
0:51 of 3rd period - Off-side.
0:52 of 3rd period - Ryan O'Reilly wins face-off versus Claude Giroux in neutral zone.
1:21 of 3rd period - Icing by Ryan Graves.
1:22 of 3rd period - Lars Eller wins face-off versus Ryan O'Reilly in WASHINGTON zone.
1:32 of 3rd period - Icing by Matt Niskanen.
1:33 of 3rd period - Ryan O'Reilly wins face-off versus Derek Grant in WASHINGTON zone.
2:57 of 3rd period - Brayden Schenn is hit by Tom Wilson.
3:22 of 3rd period - Shot by Ryan Getzlaf.
3:22 of 3rd period - Shot Misses the Net.
5:54 of 3rd period - Shot by Kaapo Kakko.
5:54 of 3rd period - Stopped by Carter Hutton with a rebound.
5:56 of 3rd period - Shot by Jack Roslovic.
5:56 of 3rd period - Deflect By Kaapo Kakko.
5:56 of 3rd period - Shot Misses the Net.
5:58 of 3rd period - Shot by Derek Grant.
5:58 of 3rd period - Shot Misses the Net.
6:00 of 3rd period - Shot by Jack Roslovic.
6:00 of 3rd period - Shot Blocked by Dylan DeMelo.
6:02 of 3rd period - Shot by Kaapo Kakko.
6:02 of 3rd period - Shot Blocked by Dylan DeMelo.
6:09 of 3rd period - Icing by Radko Gudas.
6:10 of 3rd period - Ryan Getzlaf wins face-off versus Aleksander Barkov in WASHINGTON zone.
6:10 of 3rd period - Ryan Getzlaf is hit by Paul Stastny.
6:15 of 3rd period - Clayton Keller is hit by Aleksander Barkov and loses puck.
6:53 of 3rd period - Icing by Jacob Trouba.
6:54 of 3rd period - Aleksander Barkov wins face-off versus Luke Glendening in COLUMBUS zone.
6:56 of 3rd period - Icing by Jacob Trouba.
6:57 of 3rd period - Ryan O'Reilly wins face-off versus Aleksander Barkov in COLUMBUS zone.
6:57 of 3rd period - Ryan O'Reilly is hit by Jacob Trouba.
7:24 of 3rd period - Icing by Matt Niskanen.
7:25 of 3rd period - Ryan O'Reilly wins face-off versus Tom Wilson in WASHINGTON zone.
7:40 of 3rd period - Tom Wilson is hit by Matt Niskanen and loses puck.
8:42 of 3rd period - Anthony Beauvillier is hit by Damon Severson and loses puck.
9:53 of 3rd period - Off-side.
9:54 of 3rd period - Claude Giroux wins face-off versus Luke Glendening in neutral zone.
9:54 of 3rd period - T.J. Oshie is hit by Luke Glendening and loses puck.
10:13 of 3rd period - Shot by Cal Clutterbuck.
10:13 of 3rd period - Goal by Cal Clutterbuck - WASHINGTON : 2 - COLUMBUS : 2.
10:14 of 3rd period - Brayden Schenn wins face-off versus Derek Grant in neutral zone.
10:17 of 3rd period - Shot by Blake Wheeler.
10:17 of 3rd period - Stopped by Mikko Koskinen without a rebound.
10:18 of 3rd period - Brayden Schenn wins face-off versus Claude Giroux in COLUMBUS zone.
10:18 of 3rd period - Brayden Schenn is hit by John Carlson.
10:25 of 3rd period - Blake Wheeler is hit by John Carlson.
10:33 of 3rd period - Shot by Claude Giroux.
10:33 of 3rd period - Shot Misses the Net.
11:23 of 3rd period - Shot by Lars Eller.
11:23 of 3rd period - Stopped by Carter Hutton without a rebound.
11:24 of 3rd period - Aleksander Barkov wins face-off versus Ryan Getzlaf in WASHINGTON zone.
11:43 of 3rd period - Shot by Steven Stamkos.
11:43 of 3rd period - Stopped by Carter Hutton without a rebound.
11:44 of 3rd period - Lars Eller wins face-off versus Ryan O'Reilly in WASHINGTON zone.
11:44 of 3rd period - Lars Eller is hit by Damon Severson.
11:49 of 3rd period - Jonathan Drouin is hit by Damon Severson and loses puck.
12:00 of 3rd period - Shot by Lars Eller.
12:00 of 3rd period - Stopped by Carter Hutton with a rebound.
12:08 of 3rd period - Shot by Lars Eller.
12:08 of 3rd period - Shot Blocked by Damon Severson.
12:22 of 3rd period - Shot by Anthony Beauvillier.
12:22 of 3rd period - Shot Misses the Net.
12:24 of 3rd period - Shot by Jonathan Drouin.
12:24 of 3rd period - Shot Misses the Net.
12:43 of 3rd period - Shot by Tom Wilson.
12:43 of 3rd period - Shot Misses the Net.
12:45 of 3rd period - Shot by Mattias Ekholm.
12:45 of 3rd period - Stopped by Carter Hutton without a rebound.
12:46 of 3rd period - Brayden Schenn wins face-off versus Aleksander Barkov in WASHINGTON zone.
12:52 of 3rd period - Matt Niskanen is hit by Jacob Trouba and loses puck.
12:57 of 3rd period - Shot by Blake Wheeler.
12:57 of 3rd period - Shot Blocked by Steven Stamkos.
12:59 of 3rd period - Shot by Ryan Graves.
12:59 of 3rd period - Stopped by Mikko Koskinen without a rebound.
13:00 of 3rd period - Ryan Getzlaf wins face-off versus Claude Giroux in COLUMBUS zone.
13:37 of 3rd period - Dylan DeMelo is hit by Ben Chiarot and loses puck.
14:00 of 3rd period - Shot by Brayden Schenn.
14:00 of 3rd period - Stopped by Mikko Koskinen without a rebound.
14:01 of 3rd period - Luke Glendening wins face-off versus Aleksander Barkov in COLUMBUS zone.
14:14 of 3rd period - Shot by Cal Clutterbuck.
14:14 of 3rd period - Shot Blocked by John Carlson.
14:18 of 3rd period - Shot by Cal Clutterbuck.
14:18 of 3rd period - Stopped by Mikko Koskinen with a rebound.
14:20 of 3rd period - Shot by Luke Glendening.
14:20 of 3rd period - Stopped by Mikko Koskinen without a rebound.
14:21 of 3rd period - Brayden Schenn wins face-off versus Lars Eller in COLUMBUS zone.
14:22 of 3rd period - Shot by Matt Niskanen.
14:22 of 3rd period - Shot Blocked by Jonathan Drouin.
14:24 of 3rd period - Shot by Matt Niskanen.
14:24 of 3rd period - Stopped by Mikko Koskinen without a rebound.
14:25 of 3rd period - Lars Eller wins face-off versus Brayden Schenn in COLUMBUS zone.
16:36 of 3rd period - Ryan O'Reilly is hit by Steven Stamkos and loses puck.
16:45 of 3rd period - Shot by Zach Parise.
16:45 of 3rd period - Stopped by Mikko Koskinen without a rebound.
16:46 of 3rd period - Ryan Getzlaf wins face-off versus Derek Grant in COLUMBUS zone.
16:47 of 3rd period - Shot by Brendan Gallagher.
16:47 of 3rd period - Stopped by Mikko Koskinen without a rebound.
16:48 of 3rd period - Brendan Gallagher wins face-off versus Lars Eller in COLUMBUS zone.
17:00 of 3rd period - Icing by Jacob Trouba.
17:01 of 3rd period - Ryan O'Reilly wins face-off versus Jonathan Drouin in COLUMBUS zone.
18:13 of 3rd period - Shot by Claude Giroux.
18:13 of 3rd period - Shot Misses the Net.
18:38 of 3rd period - Icing by Victor Hedman.
18:39 of 3rd period - Ryan O'Reilly wins face-off versus Steven Stamkos in WASHINGTON zone.
18:39 of 3rd period - Ryan O'Reilly is hit by Aleksander Barkov.
18:56 of 3rd period - Clayton Keller is hit by Erik Cernak and loses puck.
19:07 of 3rd period - Clayton Keller is hit by Paul Stastny and loses puck.
19:34 of 3rd period - Lars Eller is hit by Ryan Getzlaf and loses puck.
Goals for this period are 1 for WASHINGTON vs 0 for COLUMBUS.
Shots for this period are 9 for WASHINGTON vs 5 for COLUMBUS.

Overtime #1


0:01 of 1st overtime period - Aleksander Barkov wins face-off versus Brayden Schenn in neutral zone.
0:24 of 1st overtime period - Shot by Victor Hedman.
0:24 of 1st overtime period - Shot Misses the Net.
0:55 of 1st overtime period - Icing by Mattias Ekholm.
0:56 of 1st overtime period - Ryan Getzlaf wins face-off versus Aleksander Barkov in COLUMBUS zone.
0:56 of 1st overtime period - Clayton Keller is hit by Ben Chiarot and loses puck.
1:14 of 1st overtime period - Icing by Ryan Getzlaf.
1:15 of 1st overtime period - Ryan Getzlaf wins face-off versus Claude Giroux in WASHINGTON zone.
1:24 of 1st overtime period - Shot by Brendan Gallagher.
1:24 of 1st overtime period - Deflect By Clayton Keller.
1:24 of 1st overtime period - Shot Misses the Net.
1:28 of 1st overtime period - Shot by Brendan Gallagher.
1:28 of 1st overtime period - Shot Misses the Net.
1:30 of 1st overtime period - Shot by Matt Niskanen.
1:30 of 1st overtime period - Stopped by Mikko Koskinen without a rebound.
1:31 of 1st overtime period - Ryan O'Reilly wins face-off versus Lars Eller in COLUMBUS zone.
1:31 of 1st overtime period - Zach Parise is hit by Erik Cernak and loses puck.
1:43 of 1st overtime period - Minor Penalty to Radko Gudas for Interference.
1:44 of 1st overtime period - Claude Giroux wins face-off versus Luke Glendening in WASHINGTON zone.
2:01 of 1st overtime period - Shot by John Carlson.
2:01 of 1st overtime period - Stopped by Carter Hutton with a rebound.
2:03 of 1st overtime period - Shot by John Carlson.
2:03 of 1st overtime period - Goal by John Carlson - WASHINGTON : 2 - COLUMBUS : 3.
Goals for this period are 0 for WASHINGTON vs 1 for COLUMBUS.
Shots for this period are 1 for WASHINGTON vs 2 for COLUMBUS.